Map: Terraformacja ER (Void)

Players

MorDka - Winner!

  • Race: Protoss Protoss
  • League: Diamond

Louis

  • Race: Zerg Zerg
  • League: Master

VOD

Have the link to the VOD?

Description

Time

  • Played on: Oct. 5, 2015, 5:16 a.m.
  • Length: 8:06
Show
View Real Time Build Order
Export as new Build Order

MorDka Protoss - Winner!

Build Orders: Nexus First 

Get SALT Encoding   

  12  0:01  Probe (Chrono Boost)  
  13  0:12  Probe (Chrono Boost)  
  14  0:20  Pylon  
  14  0:22  Probe (Chrono Boost)  
  15  0:38  Probe (Chrono Boost)  
  16  0:49  Probe (Chrono Boost)  
  17  1:00  Nexus  
  17  1:11  Gateway  
  17  1:14  Probe (Chrono Boost)  
  18  1:20  Assimilator  
  18  1:25  Probe (Chrono Boost)  
  19  1:29  Assimilator  
  19  1:35  Probe (Chrono Boost)  
  20  1:51  Probe (Chrono Boost)  
  21  1:58  Cybernetics Core  
  21  2:02  Probe (Chrono Boost)  
  21  2:03  Pylon  
  22  2:13  Probe x2 (Chrono Boost)  
  24  2:23  Probe x2 (Chrono Boost)  
  26  2:34  Probe (Chrono Boost), Robotics Facility  
  26  2:35  Probe (Chrono Boost)  
  28  2:42  Adept (Chrono Boost)  
  30  2:44  Probe  
  30  2:46  Warp Gate  
  30  2:48  Probe  
  32  2:57  Twilight Council  
  32  2:59  Probe  
  32  3:00  Probe  
  34  3:06  Sentry (Chrono Boost)  
  34  3:10  Probe  
  34  3:11  Probe  
  38  3:23  Immortal (Chrono Boost), Probe  
  38  3:24  Probe  
  44  3:35  Probe  
  44  3:36  Probe  
  44  3:37  Pylon  
  46  3:42  Pylon  
  46  3:47  Resonating Glaives (Chrono Boost)  
  46  3:55  Probe, Immortal (Chrono Boost)  
  48  4:01  Pylon  
  51  4:04  Gateway  
  51  4:05  Gateway  
  51  4:13  Gateway  
  51  4:15  Gateway  
  51  4:21  Gateway  
  51  4:26  Gateway, Warp Prism  
  51  4:37  Gateway  
  53  4:52  Adept  
  53  4:54  Probe  
  54  5:07  Adept x2  
  56  5:13  Observer  
  58  5:15  Adept x2  
  58  5:20  Pylon  
  63  5:23  Adept x3  
  69  5:37  Pylon  
  69  5:38  Pylon  
  69  5:40  Pylon x2  
  69  5:53  Adept x4  
  69  5:56  Adept x4  
  75  6:17  Adept x3  
  75  6:18  Adept x5  
  82  6:47  Adept x5  
  83  6:48  Adept x2  
  95  6:56  Immortal  
  95  7:06  Adept  
  100  7:09  Zealot x5  
  110  7:25  Pylon  
  110  7:27  Pylon  
  110  7:31  Pylon  
  110  7:33  Pylon  
  104  7:41  Forge  
  104  7:43  Zealot  
  96  7:44  Zealot x3  
  93  8:00  Zealot x2  
  93  8:01  Zealot x2  
  93  8:04  Cybernetics Core  
Show
View Real Time Build Order
Export as new Build Order

Louis Zerg 

Build Orders: 3 Hatch before Pool 

Get SALT Encoding   

  12  0:01  Drone  
  13  0:08  Drone  
  14  0:17  Overlord  
  14  0:24  Extractor  
  14  0:25  Drone  
  15  0:37  Drone  
  15  0:38  Drone  
  17  0:45  Drone  
  18  1:00  Hatchery  
  18  1:02  Drone  
  18  1:07  Drone  
  19  1:24  Drone  
  20  1:32  Hatchery  
  19  1:33  Drone  
  20  1:46  Spawning Pool  
  19  1:47  Drone  
  19  1:50  Drone  
  20  2:00  Drone  
  21  2:06  Extractor  
  20  2:10  Overlord  
  20  2:16  Drone  
  21  2:24  Drone x2  
  23  2:34  Queen  
  23  2:35  Zergling x2  
  23  2:36  Queen, Zergling x2  
  29  2:42  Drone  
  30  2:45  Drone  
  30  2:46  Drone  
  32  2:53  Queen  
  32  2:54  Zergling x2  
  32  2:57  Drone  
  36  2:59  Drone  
  37  3:06  Metabolic Boost  
  37  3:12  Zergling x4  
  39  3:13  Zergling x2  
  40  3:22  Zergling x4  
  41  3:31  Drone  
  41  3:32  Drone  
  41  3:33  Overlord  
  41  3:34  Overlord  
  40  3:48  Drone  
  40  3:52  Drone x2  
  40  3:53  Drone x3  
  46  3:56  Roach Warren  
  46  3:57  Overlord  
  46  4:01  Drone x2  
  47  4:05  Drone  
  47  4:06  Drone x4  
  52  4:14  Zergling x8  
  52  4:16  Zergling x2  
  57  4:19  Overlord  
  57  4:22  Overlord  
  57  4:26  Drone  
  57  4:27  Drone x2  
  60  4:33  Overlord x2  
  60  4:37  Roach x2  
  63  4:51  Roach  
  63  4:52  Roach  
  64  4:53  Roach  
  64  4:54  Roach x5  
  76  5:02  Roach  
  78  5:07  Roach  
  78  5:08  Zergling x2  
  78  5:09  Drone  
  78  5:10  Extractor  
  78  5:11  Drone x2  
  78  5:12  Drone x3, Extractor  
  83  5:24  Zergling x2  
  83  5:25  Zergling x4  
  85  5:33  Ravager  
  85  5:39  Zergling x2  
  85  5:40  Zergling x8  
  85  5:41  Zergling x6  
  93  5:44  Overlord, Zergling x2  
  93  5:45  Overlord x2  
  93  5:46  Zergling x2  
  93  5:48  Ravager  
  93  5:49  Zergling x4  
  84  6:06  Roach x5  
  84  6:07  Roach  
  91  6:13  Roach x3  
  91  6:17  Roach  
  89  6:22  Roach x2, Zergling x8  
  88  6:36  Roach x3  
  88  6:44  Roach  
  83  6:49  Zergling x4  
  81  6:58  Roach x2  
  85  7:07  Roach x2  
  65  7:16  Roach x5  
  65  7:21  Spine Crawler  
  65  7:22  Spine Crawler x2  
  70  7:24  Spine Crawler x2  
  70  7:25  Spine Crawler x3  
  70  7:28  Spine Crawler  
  27  7:57  Hatchery  
Tags
 
Add a new tag
Caveats
  • Supply blocks, unpowered buildings, or Contaminate may cause inaccurate times.
  • Supply counts are checked every 10 seconds.